 Dungeon Crawl Stone Soup version 0.22-a0-460-g49b1da7e92 (webtiles) character file.

109 MirrMurr the Fighter (level 4, 0/32 HPs)
             Began as a Spriggan Berserker on June 9, 2018.
             Was a Believer of Trog.
             Slain by an ogre
             ... wielding a +0 giant club
              (20 damage)
             ... on level 3 of the Dungeon.
             The game lasted 00:04:29 (1701 turns).

MirrMurr the Fighter (Spriggan Berserker)           Turns: 1701, Time: 00:04:30

Health: 0/32       AC:  2    Str: 14    XL:     4   Next: 60%
Magic:  5/5        EV: 19    Int:  8    God:    Trog [**....]
Gold:   50         SH:  5    Dex: 15    Spells: 3/3 levels left

rFire    . . .     SeeInvis +   a - +0 spear
rCold    . . .     Gourm    .   g - +0 buckler
rNeg     . . .     Faith    .   k - +0 robe
rPois    .         Spirit   .   (helmet restricted)
rElec    .         Reflect  .   (no cloak)
rCorr    .         Harm     .   (gloves unavailable)
MR       .....                  (boots unavailable)
Stlth    +++.......             (no amulet)
HPRegen  0.10/turn              l - ring of stealth
MPRegen  0.09/turn              (no ring)

@: lethally poisoned (0 -> -5), very quick
A: very small, unfitting armour, see invisible, herbivore, speed 3, slow
metabolism 2
a: Berserk, Trog's Hand, Renounce Religion


You were on level 3 of the Dungeon.
You worshipped Trog.
Trog was pleased with you.
You were not hungry.

You visited 1 branch of the dungeon, and saw 3 of its levels.

You collected 50 gold pieces.

Inventory:

Hand Weapons
 a - a +0 spear (weapon)
Missiles
 b - 20 bolts
 d - 8 curare-tipped needles
 h - 35 stones (quivered)
 m - 10 poisoned needles
Armour
 g - a +0 buckler (worn)
 k - a +0 robe (worn)
Jewellery
 l - a ring of stealth (left hand)
Potions
 e - a potion of flight {unknown}
 i - 2 potions of agility
 j - a potion of curing
 n - a potion of degeneration {unknown}
Comestibles
 c - 7 rations


   Skills:
 + Level 9.3 Fighting
 * Level 2.7 Polearms
 + Level 4.9 Dodging
 + Level 2.0 Stealth


You had 3 spell levels left.
You didn't know any spells.
Your spell library was empty.

Dungeon Overview and Level Annotations

Branches:
Dungeon (3/15)

Altars:
Ashenzari
Cheibriados


Innate Abilities, Weirdness & Mutations

You are very small and have problems with some larger weapons.
You are too small for most types of armour.
You have supernaturally acute eyesight. (SInv)
You are a herbivore.
You cover ground extremely quickly.
You need to consume almost no food.


Message History

The adder poisons you!
You hit the adder but do no damage.
The adder is heavily wounded.
You feel sick. The adder bites you.
You are more poisoned.
The adder poisons you!
You hit the adder.
The adder is severely wounded.
You feel sick. The adder bites you.
You hit the adder.
You kill the adder!
Trog accepts your kill.
You puncture the ogre!
The ogre is moderately wounded.
You feel sick. The ogre barely misses you.
You hit the ogre.
The ogre is heavily wounded.
You feel sick. The ogre hits you with a giant club!!
Ouch! That really hurt!
You die...

##.....#
..<...#
#..O..#
#.....#
#..#
##.##
### #.##
#..
##O###.#
##@#.#
##.# #.#
#.# #.#
#.# #.#
#<# #.#


You could see an ogre.

Vanquished Creatures
  2 adders
  2 worms (D:2)
  3 dart slugs
  A leopard gecko (D:1)
  A giant cockroach (D:2)
  4 goblins
  6 hobgoblins
  4 kobolds
  A quokka (D:2)
  5 bats
  5 frilled lizards
  5 rats (D:1)
39 creatures vanquished.

Notes
Turn   | Place    | Note
-------+----------+-------------------------------------------
     0 | D:1      | MirrMurr the Spriggan Berserker began the quest for the Orb.
     0 | D:1      | Reached XP level 1. HP: 11/11 MP: 2/2
   192 | D:1      | Reached skill level 1 in Stealth
   192 | D:1      | Reached XP level 2. HP: 13/16 MP: 3/3
   734 | D:2      | Found a snail-covered altar of Cheibriados.
   781 | D:2      | Found a shattered altar of Ashenzari.
   800 | D:2      | Reached ** piety under Trog
   800 | D:2      | Reached XP level 3. HP: 14/19 MP: 4/4
   911 | D:2      | Reached skill level 9 in Fighting
   911 | D:2      | Reached XP level 4. HP: 21/32 MP: 5/5
  1688 | D:3      | Noticed an ogre
  1701 | D:3      | Slain by an ogre

Vault maps used:
D:1:      minmay_arrival_plants_in_alcoves, grunt_decor_arrowhead,
          minmay_strange_pillars
D:2:      nicolae_overflow_crystal_walls, old_standard_altar
D:3:      old_standard_altar, yredelemnul_altar_generic, first_ration, trog_book

Skill      XL: |  1  2  3  4 |
---------------+-------------+-----
Stealth        | 1 2 |  2.0
Fighting       | 9 |  9.3
Polearms       | |  2.7
Dodging        | |  4.9

Action                   |  1- 3 |  4- 6 || total
-------------------------+-------+-------++-------
Melee: Spear             |   113 |    64 ||   177
Invok: Berserk           |     1 |       ||     1
  Use: Scroll            |     3 |     2 ||     5
       Potion            |     1 |       ||     1
 Stab: Sleeping          |     6 |     3 ||     9
Armor: Animal skin       |     7 |       ||     7
       Robe              |     1 |       ||     1
Dodge: Dodged            |    57 |    22 ||    79
Block: Buckler           |    12 |     7 ||    19

Table legend:
 A = Spawn XP
 B = Non-spawn XP
 C = Spawn XP percentage of total XP
 D = Spawn monster count
 E = Non-spawn monster count
 F = Spawn count percentage of total count
 G = Total turns spent on level
                    A         B        C        D         E        F      G
               +---------+---------+-------+---------+---------+-------+---------
         Total |       0 |      97 |   0.0 |       0 |      39 |   0.0 |  1701
               +---------+---------+-------+---------+---------+-------+---------
           D:1 |       0 |      29 |   0.0 |       0 |      17 |   0.0 |   702
           D:2 |       0 |      53 |   0.0 |       0 |      20 |   0.0 |   972
           D:3 |       0 |      15 |   0.0 |       0 |       2 |   0.0 |    27
               +---------+---------+-------+---------+---------+-------+---------
